 Dungeon Crawl Stone Soup version 0.30.2 (webtiles) character file.

Game seed: 1740822196270989615

11658 porpoise the Severer (level 11, -2/100 HPs)
             Began as a Hill Orc Fighter on Apr 14, 2024.
             Was a Believer of Qazlal.
             Slain by a yak (14 damage)
             ... on level 10 of the Dungeon.
             The game lasted 00:34:11 (12988 turns).

porpoise the Severer (Hill Orc Fighter)            Turns: 12988, Time: 00:34:11

Health: -2/100     AC:  7    Str: 22    XL:     11   Next: 81%
Magic:  16/16      EV: 13    Int:  8    God:    Qazlal [**....]
Gold:   598        SH:  8    Dex: 12    Spells: 10/10 levels left

rFire   + . .        a - +1 war axe (venom)
rCold   . . .        c - +1 buckler
rNeg    . . .        O - +1 leather armour of the Prince of Darkness {Slay+4}
rPois   .            j - +0 helmet
rElec   .            N - +0 cloak
rCorr   .            (no gloves)
SInv    .            (no boots)
Will    .....        (no amulet)
Stlth   +            z - ring of protection from fire
HPRegen 0.36/turn    (no ring)
MPRegen 0.15/turn

%: no passive effects
@: no status effects
A: no striking features
a: Renounce Religion, Upheaval


You were on level 10 of the Dungeon.
You worshipped Qazlal.
Qazlal was pleased with you.
You visited 2 branches of the dungeon, and saw 11 of its levels.
You also visited: Sewer, Ossuary and Bailey.

You collected 598 gold pieces.

Inventory:

Hand Weapons
 a - a +1 war axe of venom (weapon)
 b - a +0 sling
 w - the +9 hand axe "Iblut" {flame, rF+ Will+ Stlth+}
   (You found it on level 7 of the Dungeon)

   rF:        It protects you from fire.
   Will:      It increases your willpower.
   Stlth:     It makes you more stealthy.
 C - a +6 scythe
 U - the +1 dagger of Citoliar {flame, *Noise rPois rN+}
   (You found it in a bailey)

   rPois:     It protects you from poison.
   rN:        It protects you from negative energy.
   *Noise:    It may make noises in combat.
 W - the +4 quarterstaff "Ompuimia" {elec, Contam rPois Int+2 Dex+5}
   (You found it on level 9 of the Dungeon)

   Int:       It affects your intelligence (+2).
   Dex:       It affects your dexterity (+5).
   rPois:     It protects you from poison.
   Contam:    It causes magical contamination when unequipped.
 Y - a +0 war axe of draining
Missiles
 h - 10 poisoned darts
 s - 8 boomerangs (quivered)
 y - a curare-tipped dart
Armour
 c - a +1 buckler (worn)
 f - a +0 chain mail
 j - a +0 helmet (worn)
 N - a +0 cloak (worn)
 O - the +1 leather armour of the Prince of Darkness (worn) {Slay+4}
   (You found it on level 8 of the Dungeon)

   Slay:      It affects your accuracy & damage with ranged weapons and melee
   (+4).
Jewellery
 m - a ring of fire
 z - a ring of protection from fire (left hand)
 B - a ring of fire
 E - a +6 ring of dexterity
 Z - a ring of ice
Wands
 H - a wand of charming (18)
 I - a wand of iceblast (25)
 J - a wand of mindburst (7)
 L - a wand of polymorph (13)
 Q - a wand of digging (5)
 S - a wand of flame (26)
Scrolls
 e - 2 scrolls of fog
 o - 2 scrolls of noise
 r - 4 scrolls of teleportation
 u - 2 scrolls of brand weapon
 v - 2 scrolls of amnesia
 D - 3 scrolls of enchant armour
 T - 2 scrolls of vulnerability
 V - a scroll of enchant weapon
Potions
 d - 5 potions of might
 g - 3 potions of cancellation
 i - 8 potions of curing
 k - 2 potions of heal wounds
 l - a potion of berserk rage
 n - 4 potions of attraction
 q - 3 potions of haste
 t - a potion of brilliance
 x - 8 potions of invisibility
 A - 2 potions of mutation
 F - a potion of magic
 G - a potion of ambrosia
 K - 2 potions of flight
 M - a potion of resistance
Miscellaneous
 X - a box of beasts


   Skills:
 + Level 10.3 Fighting
 - Level 16.0 Axes
 - Level 7.0 Armour
 + Level 5.7 Dodging
 - Level 5.0 Shields
 + Level 7.4 Invocations


You had 10 spell levels left.
You didn't know any spells.
Your spell library contained the following spells:

 Spells                   Type           Power      Damage    Failure   Level
 Gell's Gravitas          Tloc           0%         N/A       87%         3
 Portal Projectile        Hex/Tloc       0%         N/A       87%         3
 Teleport Other           Tloc           0%         N/A       87%         3
 Tukima's Dance           Hex            0%         N/A       87%         3
 Anguish                  Hex/Necr       0%         N/A       99%         4
 Cause Fear               Hex            0%         N/A       99%         4
 Passage of Golubria      Tloc           0%         N/A       99%         4
 Blade Hands              Tmut           0%         N/A       100%        5
 Yara's Violent Unravell  Hex/Tmut       0%         3d3       100%        5
 Dispersal                Tloc           0%         N/A       100%        6
 Enfeeble                 Hex            0%         N/A       100%        7


Dungeon Overview and Level Annotations

Branches:
Dungeon (10/15)            Temple (1/1) D:7            Lair (0/5) D:10
    Orc (0/2) D:9           Sewer (visited)         Ossuary (visited)
 Bailey (visited)

Altars:
Ashenzari
Cheibriados
Dithmenos
Elyvilon
Gozag
Hepliaklqana
Makhleb
Qazlal
Ru
Uskayaw
Vehumet
Wu Jian
Xom
Yredelemnul
Zin

Shops:
D:9 (

Annotations:
D:5 2 runed translucent doors, Sniper's ghost, weakling DrHu


Message History

The orc warrior hits you with a +0 halberd.
You block the yak's attack. x2; The yak gores you!
You closely miss the orc warrior. You hit the yak.
You kill the yak!
Qazlal accepts your kill.
You hit the yak.
The yak looks as sick as possible!
You hit the yak.
The yak looks as sick as possible!
You hit the orc warrior but do no damage.
The orc warrior is poisoned.
You slash the yak!
The yak looks as sick as possible!
You slash the yak!
The yak looks as sick as possible!
You block the yak's attack.
The orc warrior hits you with a +0 halberd!
* * * LOW HITPOINT WARNING * * *
The yak gores you.
* * * LOW HITPOINT WARNING * * *
You hit the orc warrior but do no damage.
The orc warrior looks as sick as possible!
The orc warrior is lightly wounded.
You hit the yak.
The yak looks as sick as possible!
You barely miss the yak. The orc warrior closely misses you.
You block the yak's attack. The yak gores you.
* * * LOW HITPOINT WARNING * * *
You slash the orc warrior!
The orc warrior is heavily wounded.
You hit the yak.
The yak looks as sick as possible!
You slash the yak!
You kill the yak!
Qazlal accepts your kill.
The centaur wields a +1 shortbow of flaming.
It bursts into flame!
The centaur shoots an arrow.
The arrow closely misses you. You block the orc warrior's attack.
The yak barely misses you.
You feel much better. The orc warrior completely misses you.
The centaur shoots an arrow.
The arrow hits you. The yak gores you!
* * * LOW HITPOINT WARNING * * *
The centaur unwields a +1 shortbow of flaming.
It stops flaming.
You block the centaur's attack. The centaur misses you.
The orc warrior hits you from afar with a +0 halberd!
* * * LOW HITPOINT WARNING * * *
You block the yak's attack. The yak gores you!
You die...

##.......###
#####........... #######
#.............. ......#
#...............
......###..=...###..#...
........>...............
<..............#)o......
..[.<.###.....)Y)##
##..### ##.....Y@Y#
#...............c......
#..........>.#.###.#.#.
####.[.......#... ...
.............. ....
#.....##..#...# ...
..###. ..##.... ... ##


You could see 3 yaks, an orc warrior (extremely poisoned) and a centaur.

Vanquished Creatures
  Fannar (D:10)
  2 two-headed ogres
  Pikel (D:4)
  Joseph (D:7)
  A komodo dragon (D:8)
  A troll (D:10)
  A hornet (D:9)
  Prince Ribbit (D:7)
  4 spriggans (Bailey)
  Sigmund (D:3)
  9 yaks (D:10)
  A wyvern (D:9)
  2 wraiths (D:9)
  4 steam dragons
  2 vampire mosquitoes (D:10)
  An acid dragon (Bailey)
  2 water moccasins
  5 orc warriors
  2 ice beasts
  A black bear (D:5)
  7 ogres
  A centaur (D:7)
  3 phantoms
  2 lemures
  2 kobold brigands
  Blork the orc (D:4)
  6 bullfrogs
  3 scorpions
  3 wights (D:9)
  A crimson imp (D:6)
  10 bullfrog zombies (Ossuary)
  3 centaur zombies (Ossuary)
  8 hounds
  A jelly (D:6)
  A gnoll bouda (D:5)
  An orc priest (D:8)
  Crazy Yiuf (D:7)
  8 iguanas
  7 orc wizards
  3 killer bee zombies (Ossuary)
  16 mummies (Ossuary)
  3 howler monkey zombies (Ossuary)
  9 gnolls
  12 adders
  7 river rats
  A white imp (D:7)
  5 dart slugs
  47 orcs
  3 bats
  5 endoplasms (D:1)
  12 giant cockroaches
  9 goblins
  8 hobgoblins
  10 jackals
  8 kobolds
  2 quokkas
  24 ball pythons
  7 frilled lizards
  27 rats
330 creatures vanquished.

Vanquished Creatures (others)
  An orc (D:8)
1 creature vanquished.

Grand Total: 331 creatures vanquished

Notes
Turn   | Place    | Note
-------+----------+-------------------------------------------
     0 | D:1      | porpoise the Hill Orc Fighter began the quest for the Orb.
     0 | D:1      | Reached XP level 1. HP: 19/19 MP: 1/1
    58 | D:1      | Reached skill level 3 in Axes
   148 | D:1      | Reached XP level 2. HP: 25/27 MP: 2/2
   401 | D:1      | Reached XP level 3. HP: 31/33 MP: 3/3
   527 | D:1      | Reached skill level 4 in Axes
  1169 | D:2      | Reached XP level 4. HP: 40/40 MP: 4/4
  1940 | D:3      | Noticed Sigmund
  1961 | D:4      | Reached skill level 5 in Axes
  1965 | D:4      | Reached XP level 5. HP: 19/47 MP: 5/5
  1999 | D:4      | Identified the staff of air "Ytouxop" {rElec Will+}
  2164 | D:4      | Found a glowing drain.
  2168 | Sewer    | Entered a sewer
  2449 | Sewer    | Reached skill level 6 in Axes
  2449 | Sewer    | Reached XP level 6. HP: 53/55 MP: 6/6
  2472 | Sewer    | Reached skill level 5 in Fighting
  2728 | Sewer    | Reached skill level 5 in Shields
  2730 | Sewer    | Reached skill level 7 in Axes
  2919 | D:4      | Reached XP level 7. HP: 61/61 MP: 7/7
  2976 | D:4      | Noticed Blork the orc
  3003 | D:4      | Killed Blork the orc
  3266 | D:4      | Reached skill level 8 in Axes
  3500 | D:4      | Noticed Pikel
  3648 | D:4      | Killed Pikel
  3649 | D:4      | Reached skill level 9 in Axes
  3649 | D:4      | Reached XP level 8. HP: 48/73 MP: 8/8
  3821 | D:3      | Reached skill level 10 in Axes
  4140 | D:3      | Killed Sigmund
  4520 | D:4      | Found a shadowy altar of Dithmenos.
  4597 | D:5      | Entered Level 5 of the Dungeon
  4681 | D:5      | Found a large runed translucent door.
  4682 | D:5      | Found a large runed translucent door.
  4682 | D:5      | Noticed Sniper's ghost (weakling DrHu)
  4702 | D:5      | Found a sand-covered staircase.
  4708 | Ossuary  | Entered an ossuary
  4723 | Ossuary  | Reached skill level 11 in Axes
  4764 | Ossuary  | Reached XP level 9. HP: 42/81 MP: 9/9
  4898 | Ossuary  | Reached skill level 12 in Axes
  5582 | D:5      | Reached skill level 13 in Axes
  5582 | D:5      | Reached skill level 1 in Dodging
  7014 | D:6      | Found a burning altar of Makhleb.
  7110 | D:6      | Reached XP level 10. HP: 89/91 MP: 10/10
  7451 | D:7      | Reached skill level 14 in Axes
  7635 | D:7      | Identified the +9 hand axe "Iblut" {flame, rF+ Will+
                  | Stlth+}
  7641 | D:7      | Found a staircase to the Ecumenical Temple.
  7646 | D:7      | Noticed Joseph
  7650 | D:7      | Reached skill level 5 in Armour
  7671 | D:7      | Killed Joseph
  7916 | Temple   | Entered the Ecumenical Temple
  7922 | Temple   | Became a worshipper of Qazlal Stormbringer
  8003 | D:7      | Found a runed translucent door.
  8004 | D:7      | Noticed Crazy Yiuf
  8059 | D:7      | Reached skill level 1 in Invocations
  8229 | D:7      | Noticed Prince Ribbit
  8237 | D:7      | Killed Prince Ribbit
  8517 | D:7      | Killed Crazy Yiuf
  8934 | D:8      | Found an opulent altar of Gozag.
  8990 | D:8      | Found a shimmering altar of Xom.
  9076 | D:8      | Identified the +1 leather armour of the Prince of Darkness
                  | {Slay+4}
  9225 | D:8      | Reached skill level 15 in Axes
  9244 | D:8      | Reached * piety under Qazlal
  9393 | D:8      | Found a glowing silver altar of Zin.
  9502 | D:8      | Found a radiant altar of Vehumet.
  9593 | D:9      | Found a flagged portal.
  9611 | Bailey   | Entered a bailey
  9790 | Bailey   | Noticed a two-headed ogre
  9800 | Bailey   | Killed a two-headed ogre
 10011 | Bailey   | Reached XP level 11. HP: 69/97 MP: 12/14
 10744 | Bailey   | Identified the +1 dagger of Citoliar {flame, *Noise rPois
                  | rN+}
 10802 | D:9      | Found Ysics's Armour Shop.
 10847 | D:9      | Reached skill level 16 in Axes
 11007 | D:9      | Found a staircase to the Orcish Mines.
 11009 | D:9      | Found Osixte's Weapon Shop.
 11023 | D:9      | Identified the +4 quarterstaff "Ompuimia" {elec, Contam
                  | rPois Int+2 Dex+5}
 11210 | D:9      | Reached skill level 5 in Invocations
 11887 | D:9      | Found a sacrificial altar of Ru.
 11904 | D:9      | Noticed a two-headed ogre
 11914 | D:9      | Killed a two-headed ogre
 11922 | D:9      | Reached ** piety under Qazlal
 12432 | D:10     | Entered Level 10 of the Dungeon
 12437 | D:10     | Reached skill level 5 in Dodging
 12711 | D:10     | Noticed Fannar
 12724 | D:10     | Killed Fannar
 12725 | D:10     | Reached skill level 10 in Fighting
 12955 | D:10     | Found a staircase to the Lair.
 12988 | D:10     | Slain by a yak

Illustrated notes

Levels and vault maps discovered:
D:1:      dpeg_arrival_central, layout_loops_ring, minivault_4
D:2:      layout_basic
D:3:      layout_loops_corners, uniq_sigmund
D:4:      layout_rooms, lemuel_coloured_pillars_altar, gup_sewer_entry_spiral,
          uniq_pikel, uniq_blork_the_orc
D:5:      layout_gridville, ebering_ghost_disaster_area,
          nicolae_ossuary_entry_plus, ebering_dispersal_statue_hall
D:6:      layout_basic, makhleb_grotto_becter, serial_park_tiny_pond
D:7:      cheibrodos_steamvent, layout_rooms, minmay_temple_entry_large_hall,
          uniq_crazy_yiuf_cottage, uniq_joseph, uniq_prince_ribbit1
D:8:      layout_loops_cross, zin_treasury, nicolae_vehumet_altar_sigil,
          mainiacjoe_overflow_catwalk_spiral, serial_glass, glass_columns_b,
          glass_columns_c, feat_on_display, minmay_lizard_king
D:9:      layout_grid_maze, nicolae_ru_the_path_less_chosen, orc_david_3,
          enter_bailey_2
D:10:     layout_rooms, nicolae_kikubaaqudgha_miasma_corner, uniq_fannar,
          uniq_psyche
Temple:   eino_narrow_crystal_temple

Skill      XL: |  1  2  3  4  5  6  7  8  9 10 11 |
---------------+----------------------------------+-----
Axes           | 3 4 5 6 7 9 11 13 15 16 | 16.0
Fighting       | 4 5 7 8 9 10 | 10.3
Shields        | 4 5 |  5.0
Dodging        | 2 4 5 |  5.7
Armour         | 4 6 7 |  7.0
Invocations    | 4 7 |  7.4

Action                     |  1- 3 |  4- 6 |  7- 9 | 10-12 || total
---------------------------+-------+-------+-------+-------++-------
  Melee: War axe           |    88 |   253 |   375 |   289 ||  1005
         Hand axe          |       |       |       |    46 ||    46
   Fire: Sling             |       |     3 |    21 |     3 ||    27
  Throw: Boomerang         |       |       |     5 |       ||     5
    Use: Potion            |       |     2 |     2 |     2 ||     6
         Scroll            |       |       |    18 |     9 ||    27
 Armour: Chain mail        |    56 |   163 |   142 |    32 ||   393
         Scale mail        |     3 |       |       |       ||     3
         Leather armour    |       |       |       |    23 ||    23
  Dodge: Dodged            |    36 |   108 |    96 |    96 ||   336
  Block: Buckler           |    11 |    68 |    75 |    78 ||   232
